 Dungeon Crawl Stone Soup version 0.20.1-1-g8b1a95d (webtiles) character file.

30123 Lovchig the Blocker (level 13, -6/81 HPs)
             Began as a Deep Dwarf Fighter on Oct 23, 2017.
             Was a High Priest of Ashenzari.
             Killed from afar by a spellforged servitor (47 damage)
             ... with a crystal spear
             ... summoned by esteth's ghost
             ... on level 14 of the Dungeon.
             The game lasted 00:57:08 (11964 turns).

Lovchig the Blocker (Deep Dwarf Fighter)           Turns: 11964, Time: 00:57:08

Health: -6/81      AC: 45    Str: 27    XL:     13   Next: 18%
Magic:  2/2        EV: 12    Int: 13    God:    Ashenzari [*****.]
Gold:   910        SH: 26    Dex: 12    Spells: 12/12 levels left

rFire    . . .     SeeInvis +   e - +5 hand axe (chop) (curse)
rCold    . . .     Gourm    .   l - +4 large shield (curse)
rNeg     . . .     Faith    .   N - +15 Maxwell's patent armour {-Cast -Tele rElec MR+ rCorr} (curse)
rPois    .         Spirit   .   i - +2 helmet (curse)
rElec    +         Reflect  .   J - +2 cloak {+Inv} (curse)
rCorr    +         Harm     .   (no gloves)
MR       ++...     Clarity  +   y - +2 pair of boots (curse) Stlth ..........NoTele +
                                g - amulet of rage
Regen    0.0/turn  NoCast   +   C - +2 ring of evasion (curse)
MPRegen  0.1/turn               D - +2 ring of strength (curse)

@: non-regenerating
A: damage resistance, heal wounds, icy blue scales 1, molten scales 1, blink,
clarity, clever 1, frail 3, mutation resistance 1, sense surroundings 2,
electricity resistance, strong 1, no regeneration
a: Heal Wounds, Blink, Curse Item, Scrying, Transfer Knowledge, Renounce
Religion, Evoke Berserk Rage, Evoke Invisibility


You were on level 14 of the Dungeon.
You worshipped Ashenzari.
Ashenzari was extremely pleased with you.
You were very hungry.

You visited 2 branches of the dungeon, and saw 15 of its levels.
You also visited: Ossuary.

You collected 1155 gold pieces.
You spent 245 gold pieces at shops.

Inventory:

Hand Weapons
 e - a cursed +5 hand axe of chopping (weapon)
 B - a +2 falchion of flaming
Armour
 i - a cursed +2 helmet (worn)
 l - a cursed +4 large shield (worn)
 y - a cursed +2 pair of boots (worn)
 J - a cursed +2 cloak of invisibility (worn)
 N - the cursed +15 Maxwell's patent armour (worn) {-Cast -Tele rElec MR+ rCorr}
   (You acquired it on level 10 of the Dungeon)

   It insulates you from electricity.
   It affects your resistance to hostile enchantments.
   It prevents spellcasting.
   It prevents most forms of teleportation.
   It protects you from acid and corrosion.
   It has a curse placed upon it.
Jewellery
 g - an amulet of rage (around neck)
 t - an uncursed ring of protection from fire
 v - an uncursed ring of protection from cold
 C - a cursed +2 ring of evasion (left hand)
 D - a cursed +2 ring of strength (right hand)
Wands
 a - a wand of paralysis (10/24)
 s - a wand of flame (14/48)
 I - a wand of disintegration (5/24)
 P - a wand of polymorph (7/24)
 Q - a wand of acid (6/15)
Scrolls
 c - 2 scrolls of fear
 h - 2 scrolls of amnesia
 m - 5 scrolls of fog
 p - 5 scrolls of teleportation
 u - a scroll of silence
 E - 3 scrolls of magic mapping
 F - 3 scrolls of recharging
 O - a scroll of holy word
Potions
 b - 2 potions of agility
 d - 2 potions of might
 k - 6 potions of lignification
 q - 3 potions of flight
 r - 4 potions of brilliance
 x - 4 potions of resistance
 z - 3 potions of cancellation
 A - a potion of haste
 G - 6 potions of curing
 K - a potion of invisibility
 M - 2 potions of heal wounds
Miscellaneous
 n - a crystal ball of energy
Comestibles
 f - 11 bread rations
 j - 27 fruits
 w - 8 meat rations
 H - 14 royal jellies


   Skills:
 * Level 8.1 Fighting
 * Level 13.8(17.4) Axes
 * Level 9.1(12.9) Armour
 * Level 8.4 Dodging
 * Level 13.9(16.2) Shields


You had 12 spell levels left.
You didn't know any spells.

Dungeon Overview and Level Annotations

Branches:
Dungeon (14/15)            Temple (1/1) D:7            Lair (0/6) D:9
    Orc (0/2) D:11         Vaults (0/5) D:13

Altars:
Ashenzari
Cheibriados
Dithmenos
Elyvilon
Fedhas
Gozag
Hepliaklqana
Kikubaaqudgha
Makhleb
Nemelex Xobeh
Okawaru
Qazlal
Ru
Sif Muna
Trog
Uskayaw
Vehumet
Xom
Yredelemnul
Zin
The Shining One

Shops:
D:7 =

Portals:
Trove: D:11 (give 7 potions of haste)

Annotations:
D:14 Frances; esteth's ghost, adept GrEE


Innate Abilities, Weirdness & Mutations

You are resistant to damage.
You can heal yourself by infusing magical energy.
You passively map the area around you.
You do not regenerate.
You are partially covered in icy blue scales. (AC +2)
You are partially covered in molten scales. (AC +2)
You can translocate small distances at will.
You possess an exceptional clarity of mind.
Your mind is acute. (Int +2)
You are extremely frail. (-30% HP)
You are somewhat resistant to further mutation.
You are resistant to electric shocks. (rElec)
Your muscles are strong. (Str +2)


Message History

You block the hellwing's attack.
You hit esteth's ghost but do no damage.
Esteth's ghost is lightly damaged.
You completely miss Frances. You closely miss the hellwing.
You hit the ice devil but do no damage. You slash the spellforged servitor!
Frances hits you with a scimitar of holy wrath!
The ice devil barely misses you.
The basilisk hisses menacingly.
You block esteth's ghost's attack.
You slice esteth's ghost!!
Esteth's ghost is lightly damaged.
You hit the spellforged servitor but do no damage.
You hit the ice devil but do no damage. You hit the hellwing but do no damage.
You slash Frances! You block Frances's attack.
The hellwing hits you but does no damage.
You block the hellwing's attack.
The spellforged servitor casts a spell at you.
The crystal spear hits you!
Ouch! That really hurt!
You die...

,*, , *** * * *
,,*,* * * **,* , *
####* *.. * , *
###...###+####..*
,,* * *
.#.#.#..........
,,,* , , ,,,
..............#* +
,
,.....#.l......#*,
,,,* , ,,
......844.....#
,*,, * ,, ,
.....#W@......# ,
,, , ,
,.>.Z.4@.<(....# ,
* ,
.....########## ,
, ,, .... * * *, ,
, *.#. , * *,,, ,
***# * ** + ** * *
,,, , , , , ,,,,
** * * ** ** ,,*
,, < ,,


You could see Frances, a spellforged servitor, a hellwing, 2 ice devils, a
basilisk, esteth's ghost and a centaur warrior zombie.

Vanquished Creatures
  The ghost of Fingolfin the Cleaver, a journeyman MiBe of Trog (D:10)
  Erolcha (D:11)
  A hydra (D:13)
  Fannar (D:11)
  A vault guard (D:13)
  2 centaur warriors
  Erica (D:8)
  3 two-headed ogres
  Urug (D:10)
  Sonja (D:12)
  The ghost of manyhoops the Cleaver, a novice MiCK of Xom (D:8)
  An unseen horror (D:12)
  3 orc knights (D:10)
  2 deep elf magi
  2 ugly things (D:12)
  A cyclops (D:12)
  A manticore (D:12)
  Maurice (D:8)
  Joseph (D:8)
  A kobold demonologist (D:12)
  An efreet (D:14)
  A tengu conjurer (D:10)
  A queen bee (D:11)
  3 trolls
  3 meliai (D:13)
  A harpy skeleton (D:13)
  4 hippogriffs
  14 yaks
  Eustachio (D:4)
  3 wraiths
  5 vampire mosquitoes
  5 hungry ghosts
  An acid dragon (D:12)
  2 porcupines (D:9)
  8 orc warriors
  4 ice beasts
  5 sky beasts
  3 phantoms
  2 necrophages
  2 black bears
  3 wolves (D:8)
  7 ogres
  10 centaurs
  A crocodile (D:7)
  2 big kobolds
  An elf zombie (Ossuary)
  9 bullfrogs
  A wyvern zombie (D:11)
  8 scorpions
  4 wights (D:7)
  30 killer bees
  2 howler monkeys (D:8)
  2 electric eels (D:8)
  4 crimson imps
  A bullfrog zombie (D:6)
  A quasit (D:6)
  A centaur zombie (D:12)
  6 hounds
  2 human zombies (Ossuary)
  2 jellies
  A bullfrog skeleton (D:4)
  7 orc priests
  2 gnoll shamans
  2 centaur skeletons
  3 iguanas
  6 orc wizards
  Natasha (thrice) (D:4)
  8 worker ants
  A bullfrog simulacrum (D:8)
  3 hound zombies (Ossuary)
  A hound skeleton (D:5)
  4 mummies (Ossuary)
  A howler monkey skeleton (D:9)
  12 gnolls
  16 adders
  A hound simulacrum (D:8)
  7 shadow imps
  3 white imps (D:8)
  A howler monkey simulacrum (D:8)
  An ufetubus (D:8)
  2 adder zombies
  An adder skeleton (D:4)
  3 worms
  A dart slug (D:3)
  An adder simulacrum (D:8)
  6 leopard geckos
  59 orcs
  5 ball pythons
  12 bats
  8 giant cockroaches
  A gnoll zombie (Ossuary)
  9 goblins
  8 hobgoblins
  12 jackals
  8 quokkas
  A ball python zombie (D:5)
  3 frilled lizards
  A goblin zombie (Ossuary)
  2 jackal zombies
  13 kobolds
  A kobold zombie (Ossuary)
  A leopard gecko simulacrum (D:8)
  A quokka simulacrum (D:8)
  A quokka zombie (D:5)
  6 rats
  A rat zombie (Ossuary)
  4 fungi (D:9)
447 creatures vanquished.

Notes
Turn   | Place    | Note
-------+----------+-------------------------------------------
     0 | D:1      | Lovchig the Deep Dwarf Fighter began the quest for the Orb.
     0 | D:1      | Reached XP level 1. HP: 20/20 MP: 1/1
   179 | D:1      | Reached XP level 2. HP: 25/27 MP: 2/2
   515 | D:1      | Reached XP level 3. HP: 18/34 MP: 3/3
   832 | D:2      | Found an opulent altar of Gozag.
  1248 | D:2      | Reached XP level 4. HP: 16/42 MP: 4/4
  1714 | D:3      | Reached skill level 1 in Dodging
  2040 | D:3      | Reached XP level 5. HP: 19/49 MP: 5/5
  2126 | D:3      | Found a faded altar of an unknown god.
  2134 | D:3      | Became a worshipper of Ashenzari the Shackled
  2134 | D:3      | Reached * piety under Ashenzari
  2484 | D:4      | Reached XP level 6. HP: 54/56 MP: 6/6
  2598 | D:4      | Found a deep blue altar of Sif Muna.
  2803 | D:4      | Gained mutation: You are clumsy. (Dex -2) [potion of mutation]
  2803 | D:4      | Gained mutation: You possess an exceptional clarity of mind. [potion of mutation]
  2803 | D:4      | Gained mutation: You are somewhat resistant to further mutation. [potion of mutation]
  2805 | D:4      | Reached skill level 5 in Axes
  2855 | D:4      | Noticed Natasha
  2862 | D:4      | Killed Natasha
  2899 | D:4      | Noticed Eustachio
  2957 | D:4      | Killed Eustachio
  2957 | D:4      | Reached skill level 5 in Shields
  2957 | D:4      | Reached XP level 7. HP: 45/62 MP: 7/7
  3242 | D:4      | Noticed Natasha
  3254 | D:4      | Killed Natasha
  3505 | D:4      | Noticed Natasha
  3515 | D:4      | Killed Natasha
  3572 | D:5      | Entered Level 5 of the Dungeon
  3657 | D:5      | Reached skill level 5 in Armour
  3683 | D:5      | Reached ** piety under Ashenzari
  3878 | D:5      | Reached XP level 8. HP: 47/72 MP: 8/8
  4075 | D:5      | Lost mutation: You are clumsy. (Dex -2) [potion of mutation]
  4075 | D:5      | Lost mutation: You possess an exceptional clarity of mind. [potion of mutation]
  4075 | D:5      | Lost mutation: You are somewhat resistant to further mutation. [potion of mutation]
  4075 | D:5      | Gained mutation: You are partially covered in icy blue scales. (AC +2) [potion of mutation]
  4075 | D:5      | Gained mutation: Scrolls take you a little longer to read. [potion of mutation]
  4075 | D:5      | Gained mutation: You are partially covered in slimy green scales. (AC +2) [potion of mutation]
  4075 | D:5      | Gained mutation: Your mind is acute. (Int +2) [potion of mutation]
  4193 | D:5      | Found a shattered altar of Ashenzari.
  4199 | D:5      | Gained mutation: You are frail. (-10% HP) [mutagenic meat]
  4201 | D:5      | Gained mutation: You can translocate small distances at will. [mutagenic meat]
  4202 | D:5      | Gained mutation: You are resistant to electric shocks. (rElec) [mutagenic meat]
  4203 | D:5      | Gained mutation: You possess an exceptional clarity of mind. [mutagenic meat]
  5560 | D:7      | Gained mutation: You passively map the area around you. [Deep Dwarf growth]
  5560 | D:7      | Reached XP level 9. HP: 41/71 MP: 9/9
  5624 | D:7      | Found Tuneug's Jewellery Shop.
  5632 | D:7      | Bought a +2 ring of evasion for 140 gold pieces
  5632 | D:7      | Bought a +2 ring of strength for 105 gold pieces
  5684 | D:7      | Found a sand-covered staircase.
  5693 | Ossuary  | Entered an ossuary
  5693 | Ossuary  | Reached *** piety under Ashenzari
  5897 | D:7      | Found a sparkling altar of Nemelex Xobeh.
  5914 | D:7      | Found a basalt altar of Yredelemnul.
  6037 | D:7      | Found a staircase to the Ecumenical Temple.
  6043 | D:7      | Reached skill level 5 in Fighting
  6049 | Temple   | Entered the Ecumenical Temple
  6492 | D:8      | Noticed Maurice
  6515 | D:8      | Killed Maurice
  6561 | D:8      | Noticed Erica
  6597 | D:8      | Killed Erica
  6597 | D:8      | Reached skill level 5 in Dodging
  6597 | D:8      | Reached XP level 10. HP: 63/79 MP: 10/10
  6715 | D:8      | Reached skill level 10 in Axes
  6788 | D:8      | Found a sparkling altar of Nemelex Xobeh.
  6826 | D:8      | Noticed Joseph
  6844 | D:8      | Killed Joseph
  7060 | D:8      | Gained mutation: You are very frail. (-20% HP) [mutagenic meat]
  7061 | D:8      | Gained mutation: You are extremely frail. (-30% HP) [mutagenic meat]
  7168 | D:8      | Noticed manyhoops's ghost (novice MiCK)
  7223 | D:8      | Killed manyhoops's ghost
  7558 | D:8      | Reached skill level 10 in Shields
  7665 | D:9      | Found a staircase to the Lair.
  7746 | D:9      | Reached **** piety under Ashenzari
  7802 | D:9      | Lost mutation: Scrolls take you a little longer to read. [mutagenic meat]
  7982 | D:9      | Reached XP level 11. HP: 14/67 MP: 9/9
  8090 | D:9      | Found an iron altar of Okawaru.
  8132 | D:9      | Gained mutation: Your muscles are strong. (Str +2) [mutagenic meat]
  8133 | D:9      | Lost mutation: You are partially covered in slimy green scales. (AC +2) [mutagenic meat]
  8136 | D:9      | Gained mutation: You are somewhat resistant to further mutation. [mutagenic meat]
  8137 | D:9      | Gained mutation: You are partially covered in molten scales. (AC +2) [mutagenic meat]
  8475 | D:10     | Entered Level 10 of the Dungeon
  8626 | D:10     | Noticed Fingolfin's ghost (journeyman MiBe)
  8674 | D:10     | Killed Fingolfin's ghost
  8752 | D:10     | Identified a scroll of acquirement
  8809 | D:10     | Noticed an orc knight
  8810 | D:10     | Noticed an orc knight
  8812 | D:10     | Noticed an enchanted long sword
  8813 | D:10     | Noticed an orc knight
  8815 | D:10     | Noticed Urug
  8834 | D:10     | Killed an orc knight
  8854 | D:10     | Killed an orc knight
  8876 | D:10     | Killed an orc knight
  8920 | D:10     | Killed Urug
  9379 | D:11     | Found a blossoming altar of Fedhas.
  9460 | D:11     | Noticed Fannar
  9500 | D:11     | Killed Fannar
  9520 | D:11     | Found a staircase to the Orcish Mines.
  9813 | D:11     | Reached XP level 12. HP: 46/76 MP: 4/4
  9819 | D:11     | Reached ***** piety under Ashenzari
  9850 | D:11     | Noticed Erolcha
  9878 | D:11     | Killed Erolcha
  9985 | D:11     | Found a portal to a secret trove of treasure.
 10359 | D:12     | Noticed Sonja
 10390 | D:12     | Killed Sonja
 10621 | D:12     | Noticed a two-headed ogre
 10642 | D:12     | Killed a two-headed ogre
 11126 | D:13     | Noticed a two-headed ogre
 11139 | D:13     | Killed a two-headed ogre
 11206 | D:13     | Noticed a vault guard
 11242 | D:13     | Killed a vault guard
 11265 | D:13     | Found a gate to the Vaults.
 11421 | D:13     | Noticed a centaur warrior
 11433 | D:13     | Killed a centaur warrior
 11472 | D:13     | Noticed a two-headed ogre
 11486 | D:13     | Killed a two-headed ogre
 11486 | D:13     | Reached XP level 13. HP: 80/81 MP: 3/3
 11936 | D:14     | Noticed esteth's ghost (adept GrEE)
 11937 | D:14     | Noticed Frances
 11964 | D:14     | Killed from afar by a spellforged servitor

Skill      XL: |  1  2  3  4  5  6  7  8  9 10 11 12 13 |
---------------+----------------------------------------+-----
Fighting       | 3 4 5 6 7 8 |  8.1
Axes           | 3 4 5 6 7 9 11 12 13 | 13.8
Dodging        | 1 2 3 4 5 7 8 |  8.4
Shields        | 4 5 6 7 9 10 12 13 | 13.9
Armour         | 4 5 6 7 8 9 |  9.1

Action                   |  1- 3 |  4- 6 |  7- 9 | 10-12 | 13-15 || total
-------------------------+-------+-------+-------+-------+-------++-------
Melee: War axe           |   134 |   227 |   512 |   142 |       ||  1015
       Hand axe          |       |       |       |  1148 |   106 ||  1254
Invok: Curse Item        |       |       |     1 |     6 |       ||     7
 Abil: Heal Wounds       |       |     5 |     8 |    36 |     9 ||    58
       Evoke Berserk Rag |       |       |     1 |       |       ||     1
  Use: Scroll            |       |    14 |     8 |    15 |     5 ||    42
       Potion            |       |     1 |     1 |     3 |       ||     5
  Eat: Chunk             |     1 |     5 |    17 |    31 |     3 ||    57
       Bread ration      |       |       |     1 |       |       ||     1
Armor: Chain mail        |    69 |   169 |   258 |    48 |       ||   544
       Scale mail        |     2 |       |       |       |       ||     2
       Plate armour      |       |       |       |   210 |   218 ||   428
Dodge: Dodged            |    38 |    47 |   118 |   204 |   101 ||   508
Block: Shield            |    72 |    32 |       |       |       ||   104
       Large shield      |       |   195 |   519 |   982 |   216 ||  1912
